 Dungeon Crawl Stone Soup version 0.21.1-1-g345015f (webtiles) character file.

669 sking99 the Basher (level 7, -3/62 HPs)
             Began as a Naga Fighter on June 22, 2018.
             Slain by a centaur
             ... wielding a +0 scimitar
              (10 damage)
             ... on level 5 of the Dungeon.
             The game lasted 00:14:24 (4407 turns).

sking99 the Basher (Naga Fighter)                   Turns: 4407, Time: 00:14:25

Health: -3/62      AC:  7    Str: 18    XL:     7   Next: 58%
Magic:  7/7        EV:  5    Int:  8    God:
Gold:   183        SH:  8    Dex: 13    Spells: 6/6 levels left

rFire    + . .     SeeInvis +   a - +0 flail
rCold    + . .     Gourm    .   c - +0 shield
rNeg     . . .     Faith    .   b - +0 scale mail
rPois    +         Spirit   .   (no helmet)
rElec    +         Reflect  .   r - +0 cloak
rCorr    +         Harm     .   (no gloves)
MR       .....                  (no barding)
Stlth    ..........             (no amulet)
HPRegen  0.20/turn              (no ring)
MPRegen  0.10/turn              (no ring)

@: resistant, flying, very slow
A: large, see invisible, deformed body, poison resistance, slowness 2, slow
metabolism 1, spit poison 1, AC +2
a: Spit Poison


You were on level 5 of the Dungeon.
You were very hungry.

You visited 1 branch of the dungeon, and saw 5 of its levels.

You collected 183 gold pieces.

Inventory:

Hand Weapons
 a - a +0 flail (weapon)
Armour
 b - a +0 scale mail (worn)
 c - a +0 shield (worn)
 p - a +0 chain mail
 q - a +0 leather armour
 r - a +0 cloak (worn)
Jewellery
 s - an uncursed ring of protection from cold {unknown}
Scrolls
 e - 4 scrolls of identify
 h - 2 scrolls of amnesia
 i - 5 scrolls of remove curse
Potions
 d - a potion of might
 g - a potion of cancellation
 j - 2 potions of flight
 l - a potion of resistance
 m - a potion of agility {unknown}
 o - a potion of ambrosia {unknown}
Comestibles
 f - 5 rations


   Skills:
 - Level 3.0 Fighting
 + Level 8.3 Maces & Flails
 - Level 2.4 Armour
 - Level 2.4 Shields


You had 6 spell levels left.
You didn't know any spells.

Dungeon Overview and Level Annotations

Branches:
Dungeon (5/15)
 Temple: D:4-7

Altars:
Ashenzari
Dithmenos
Vehumet
The Shining One

Annotations:
D:2 Sigmund


Innate Abilities, Weirdness & Mutations

You cannot wear boots.
Your serpentine skin is tough. (AC +2)
You have supernaturally acute eyesight. (SInv)
Armour fits poorly on your strangely shaped body.
Your system is resistant to poisons. (rPois)
You cover ground very slowly.
You have a slow metabolism.
You can spit poison.


Message History

You fly up into the air.
A hound comes into view.
It was a potion of curing.
You feel better.
The hound moves out of view.
The centaur shoots an arrow.
You block the arrow.
It was a potion of resistance.
You feel protected.
The centaur shoots an arrow.
The arrow hits you but does no damage.
The centaur unwields an uncursed shortbow.
The centaur wields an uncursed scimitar.
The centaur hits you with an uncursed scimitar!
* * * LOW HITPOINT WARNING * * *
You block the centaur's attack.
You see here an arrow.
Your scale mail prevents you from hitting the centaur.
You have got your breath back.
You kill the orc priest!
The centaur hits you but does no damage.
You barely miss the centaur.
The centaur hits you with an uncursed scimitar!
You die...

#........# ****** #........#
,,,,,* #........# ,,,,,*
#........# ,,,,,* #........#
,,,,,* ###....##### ,,,,,*
##(..##.# **** ,,,,,* #.(####.#
**,,* ,,,,,*** #@##,*#.#***,,,*
,,,,,,,*** #c#*,*#..,,*,*,*
,,,_,*,,,** *#Z#*,,...,,*,*,*
**,,,,,,,,****#oo#,,*....,*,*,*
***,,,*,,,*,,..)#.,,,..##*,,*,*
********,,,o....,..,**,* *,**,*
,,,,,***,o....#.,..#**,***,**,*
****,,***##.>.#.*#.# *,**,,,,,*
** **,,,,....,..*,.# *,**,,,,,*


You could see a centaur, 2 orcs and a centaur skeleton.

Vanquished Creatures
  A sky beast (D:5)
  An ogre (D:4)
  A centaur (D:3)
  A hound (D:4)
  2 orc priests
  2 orc wizards (D:4)
  2 iguanas (D:4)
  3 worker ants
  Robin (D:2)
  4 adders
  2 oozes
  A worm (D:4)
  A dart slug (D:1)
  3 leopard geckos
  7 orcs
  5 giant cockroaches
  17 goblins
  7 hobgoblins
  3 jackals (D:3)
  4 quokkas
  2 bats (D:1)
  3 frilled lizards
  4 kobolds
  4 rats
81 creatures vanquished.

Notes
Turn   | Place    | Note
-------+----------+-------------------------------------------
     0 | D:1      | sking99 the Naga Fighter began the quest for the Orb.
     0 | D:1      | Reached XP level 1. HP: 21/21 MP: 1/1
     3 | D:1      | Noticed an electric eel
     3 | D:1      | Noticed an electric eel
   210 | D:1      | Reached XP level 2. HP: 28/28 MP: 2/2
   327 | D:1      | Reached skill level 3 in Maces & Flails
   589 | D:1      | Reached XP level 3. HP: 34/34 MP: 3/3
  1013 | D:2      | Reached skill level 4 in Maces & Flails
  1074 | D:2      | Noticed Sigmund
  1286 | D:2      | Reached XP level 4. HP: 36/42 MP: 4/4
  1507 | D:2      | Noticed Robin
  1512 | D:2      | Killed Robin
  1814 | D:3      | Reached skill level 5 in Maces & Flails
  1814 | D:3      | Reached XP level 5. HP: 32/49 MP: 5/5
  1959 | D:3      | Found a glowing golden altar of the Shining One.
  1965 | D:3      | Found a radiant altar of Vehumet.
  2554 | D:3      | Noticed a centaur
  2569 | D:3      | Killed a centaur
  2569 | D:3      | Reached skill level 6 in Maces & Flails
  2569 | D:3      | Reached XP level 6. HP: 30/56 MP: 6/6
  3470 | D:4      | Found a shattered altar of Ashenzari.
  3576 | D:4      | Found a shadowy altar of Dithmenos.
  3721 | D:4      | Reached skill level 7 in Maces & Flails
  3721 | D:4      | Reached XP level 7. HP: 42/62 MP: 7/7
  4231 | D:5      | Entered Level 5 of the Dungeon
  4248 | D:5      | Reached skill level 8 in Maces & Flails
  4407 | D:5      | Slain by a centaur

Skill      XL: |  1  2  3  4  5  6  7 |
---------------+----------------------+-----
Maces & Flails | 3 4 5 6 7 8 |  8.3
Fighting       | |  3.0
Armour         | |  2.4
Shields        | |  2.4

Action                   |  1- 3 |  4- 6 |  7- 9 || total
-------------------------+-------+-------+-------++-------
Melee: Flail             |    66 |   147 |    34 ||   247
 Abil: Spit Poison       |    24 |    22 |     9 ||    55
  Use: Potion            |     1 |     1 |     3 ||     5
       Scroll            |       |     6 |     1 ||     7
  Eat: Chunk             |     2 |     2 |       ||     4
       Ration            |       |     2 |       ||     2
Armor: Scale mail        |    25 |    47 |    13 ||    85
Dodge: Dodged            |    13 |    30 |     5 ||    48
Block: Shield            |    36 |    58 |    12 ||   106
